 Dungeon Crawl Stone Soup version 0.27-a0-1431-gcffa5a9b16 (webtiles) character file.

Game seed: 10541802927872585309

411310 freelancePsychic the Severer (level 23, 0/194 HPs)
             Began as a Gnoll Hedge Wizard on July 1, 2021.
             Was the Champion of Ashenzari.
             Killed from afar by a crystal guardian (17 damage)
             ... with a crystal bolt
             ... on level 4 of the Abyss on July 2, 2021.
             The game lasted 02:42:12 (58226 turns).

freelancePsychic the Severer (Gnoll Hedge Wizard)  Turns: 58226, Time: 02:42:13

Health: 0/194      AC: 23    Str:  6      XL:     23   Next: 16%
Magic:  3/47       EV: 26    Int: 18 (22) God:    Ashenzari [******]
Gold:   2315       SH: 11    Dex: 19      Spells: 7/62 levels left

rFire    + . .     SeeInvis +   a - +9 demon trident of the Sidereal Seer {pain, +Rage, Bglg, Melee} (curse)
rCold    + . .     Faith    .   M - +3 buckler "Thunder Perfect Mind" {rC+, Bglg, Comp} (curse)
rNeg     + . .     Spirit   .   E - +0 steam dragon scales of the Sublime Affliction {Range, Self} (curse)
rPois    .         Reflect  .   m - +2 helmet of the Gnostic Blue Moon {Bglg, Range} (curse)
rElec    .         Harm     .   X - +0 cloak "Fallacy of the Heavens" {Elem, Evo} (curse)
rCorr    .         Rampage  .   l - +2 pair of gloves "Celestial Yoke" {Comp, Bglg} (curse)
Will     +....     Clarity  +   r - +0 pair of boots "Ruined Sybil" {Elem, Alch} (curse)
Stlth    +++++++...             O - amulet of the All-seeing Chagrin {RegenMP, Cun, Self} (curse)
HPRegen  0.42/turn              F - ring of Ashenzari's Stars {rF+ rN+ AC+4, Evo, Bglg} (curse)
MPRegen  0.55/turn              B - ring of Curses and Power {Dex+6, Melee, Cun} (curse)

@: about to teleport, very slightly contaminated, slowed, studying 2 skills,
very slow
A: fangs 1, strong nose, distributed training, [deterioration 2], [weak 2]
}: 3/15 runes: decaying, silver, gossamer
a: Renounce Religion, Evoke Berserk Rage, Shatter the Chains


You were on level 4 of the Abyss.
You worshipped Ashenzari.
Ashenzari was exalted by your worship.
You visited 8 branches of the dungeon, and saw 39 of its levels.
You visited the Abyss 3 times.
You also visited: Bailey and Ice Cave.

You collected 5313 gold pieces.
You spent 2998 gold pieces at shops.

Inventory:

Hand Weapons
 a - the cursed +9 demon trident of the Sidereal Seer (weapon) {pain, +Rage, Bglg, Melee}
   (You found it in an ice cave)

   In the hands of one skilled in necromantic magic, it inflicts extra damage on
   living creatures.
   +Rage:     It lets you go berserk.
   It has a curse which improves the following skills: Beguiling: Conjurations,
   Hexes and Translocations.
   Melee Combat: Short Blades, Long Blades, Axes, Maces & Flails, Polearms,
   Staves and Unarmed Combat.
Missiles
 y - 8 atropa-tipped darts
 I - 3 curare-tipped darts
Armour
 l - the cursed +2 pair of gloves "Celestial Yoke" (worn) {Comp, Bglg}
   (You found it on level 2 of the Dungeon)

   It has a curse which improves the following skills: Companions: Summonings
   and Necromancy.
   Beguiling: Conjurations, Hexes and Translocations.
 m - the cursed +2 helmet of the Gnostic Blue Moon (worn) {Bglg, Range}
   (You took it off Robin on level 3 of the Dungeon)

   It has a curse which improves the following skills: Beguiling: Conjurations,
   Hexes and Translocations.
   Ranged Combat: Slings, Bows, Crossbows and Throwing.
 r - the cursed +0 pair of boots "Ruined Sybil" (worn) {Elem, Alch}
   (You found it on level 5 of the Dungeon)

   It has a curse which improves the following skills: Elements: Fire Magic, Ice
   Magic, Air Magic and Earth Magic.
   Alchemy:   Poison Magic and Transmutations.
 E - the cursed +0 steam dragon scales of the Sublime Affliction (worn) {Range, Self}
   (You found it on level 8 of the Dungeon)

   It has a curse which improves the following skills: Ranged Combat: Slings,
   Bows, Crossbows and Throwing.
   Introspection: Fighting and Spellcasting.
 M - the cursed +3 buckler "Thunder Perfect Mind" (worn) {rC+, Bglg, Comp}
   (You found it in an ice cave)

   It has a curse which improves the following skills: Beguiling: Conjurations,
   Hexes and Translocations.
   Companions: Summonings and Necromancy.
 X - the cursed +0 cloak "Fallacy of the Heavens" (worn) {Elem, Evo}
   (You took it off Crazy Yiuf on level 5 of the Dungeon)

   It has a curse which improves the following skills: Elements: Fire Magic, Ice
   Magic, Air Magic and Earth Magic.
   Evocations: Evocations.
Magical Staves
 w - a staff of earth
 N - a staff of air
Jewellery
 b - a ring of ice
 c - a +6 ring of dexterity
 d - a ring of willpower
 g - a +6 ring of strength
 B - the cursed ring of Curses and Power (right hand) {Dex+6, Melee, Cun}
   (You found it on level 6 of the Dungeon)

   [ring of dexterity]

   Dex:       It affects your dexterity (+6).
   It has a curse which improves the following skills: Melee Combat: Short
   Blades, Long Blades, Axes, Maces & Flails, Polearms, Staves and Unarmed
   Combat.
   Cunning:   Dodging and Stealth.
 F - the cursed ring of Ashenzari's Stars (left hand) {rF+ rN+ AC+4, Evo, Bglg}
   (You acquired it on level 8 of the Dungeon)

   [ring of protection]

   AC:        It affects your AC (+4).
   rF:        It protects you from fire.
   rN:        It protects you from negative energy.
   It has a curse which improves the following skills: Evocations: Evocations.
   Beguiling: Conjurations, Hexes and Translocations.
 J - an amulet of reflection
 O - the cursed amulet of the All-seeing Chagrin (around neck) {RegenMP, Cun, Self}
   (You found it on level 12 of the Dungeon)

   [amulet of magic regeneration]

   It increases your rate of magic regeneration.
   It has a curse which improves the following skills: Cunning: Dodging and
   Stealth.
   Introspection: Fighting and Spellcasting.
 Z - a ring of protection from fire
Wands
 f - a wand of paralysis (28)
 i - a wand of polymorph (11)
 j - a wand of iceblast (47)
 C - a wand of mindburst (57)
 D - a wand of digging (6)
 H - a wand of charming (17)
 K - a wand of flame (115)
 W - a wand of acid (28)
Scrolls
 h - 8 scrolls of fog
 o - 4 scrolls of holy word
 s - 2 scrolls of teleportation {@r4}
 t - 5 scrolls of magic mapping
 P - 3 scrolls of enchant armour
 R - a scroll of silence
 S - 3 scrolls of summoning
 T - 5 scrolls of fear
Potions
 e - 6 potions of flight
 k - 7 potions of lignification
 n - 5 potions of curing {@q1}
 p - 5 potions of cancellation
 v - 6 potions of might
 x - 3 potions of attraction
 A - 3 potions of magic
 G - 6 potions of brilliance
 L - 8 potions of haste {@q3}
 U - 3 potions of invisibility
 V - 4 potions of resistance
 Y - 3 potions of ambrosia
Miscellaneous
 u - a box of beasts


   Skills:
 + Level 15.0(19.0) Fighting
 + Level 15.0(19.0) Short Blades
 + Level 15.0(19.0) Long Blades
 + Level 18.3(22.0) Axes
 + Level 15.0(19.0) Maces & Flails
 + Level 15.0(19.0) Polearms
 + Level 15.0(19.0) Staves
 + Level 15.0(19.0) Slings
 + Level 15.2(19.1) Bows
 + Level 15.0(19.0) Crossbows
 + Level 15.0(19.0) Throwing
 + Level 15.0 Armour
 + Level 15.5(19.4) Dodging
 + Level 15.4(19.3) Stealth
 + Level 15.0 Shields
 + Level 15.0(19.0) Unarmed Combat
 + Level 16.2(20.1) Spellcasting
 + Level 13.0(20.6) Conjurations
 + Level 12.9(20.5) Hexes
 + Level 13.0(17.1) Summonings
 + Level 12.9(17.0) Necromancy
 + Level 13.0(20.6) Translocations
 + Level 12.9(15.5) Transmutations
 + Level 12.9(17.0) Fire Magic
 + Level 12.9(17.0) Ice Magic
 + Level 12.9(17.0) Air Magic
 + Level 12.9(17.0) Earth Magic
 + Level 12.9(15.5) Poison Magic
 + Level 16.1 Invocations
 + Level 15.0(19.0) Evocations


You had 7 spell levels left.
You knew the following spells:

 Your Spells              Type           Power      Damage    Failure   Level
a - Starburst             Conj/Fire      36%        8x6d11    1%          6
b - Orb of Destruction    Conj           37%        9d13      1%          7
c - Discord               Hex            37%        N/A       4%          8
d - Yara's Violent Unrav  Hex/Tmut       35%        3d14      1%          5
e - Summon Horrible Thin  Summ           34%        N/A       16%         8
g - Magic Dart            Conj           100%       1d8       0%          1
h - Invisibility          Hex            37%        N/A       1%          6
i - Irradiate             Conj/Tmut      35%        3d25      1%          5
j - Blink                 Tloc           N/A        N/A       0%          2
k - Dispel Undead         Necr           68%        3d23      1%          4
l - Mephitic Cloud        Conj/Pois/Air  70%        N/A       0%          3

Your spell library contained the following spells:

 Spells                   Type           Power      Damage    Failure   Level
 Animate Skeleton         Necr           100%       N/A       0%          1
 Apportation              Tloc           100%       N/A       0%          1
 Corona                   Hex            83%        N/A       0%          1
 Foxfire                  Conj/Fire      100%       2x1d9     0%          1
 Sandblast                Erth           100%       2d20      0%          1
 Shock                    Conj/Air       100%       1d9       0%          1
 Sting                    Tmut/Pois      100%       1d8       0%          1
 Summon Small Mammal      Summ           100%       N/A       0%          1
 Call Imp                 Summ           68%        N/A       0%          2
 Corpse Rot               Necr/Air       N/A        N/A       0%          2
 Ensorcelled Hibernation  Hex/Ice        100%       N/A       0%          2
 Passwall                 Tmut/Erth      55%        N/A       0%          2
 Poisonous Vapours        Pois/Air       100%       N/A       0%          2
 Slow                     Hex            75%        N/A       0%          2
 Static Discharge         Conj/Air       72%        N/A       0%          2
 Sublimation of Blood     Necr           34%        N/A       0%          2
 Wereblood                Tmut           65%        N/A       0%          2
 Call Canine Familiar     Summ           68%        N/A       0%          3
 Confusing Touch          Hex            75%        N/A       0%          3
 Conjure Flame            Conj/Fire      72%        6-21      0%          3
 Ignite Poison            Fire/Tmut/Pois 66%        N/A       0%          3
 Inner Flame              Hex/Fire       72%        N/A       0%          3
 Lesser Beckoning         Tloc           37%        N/A       0%          3
 Ozocubu's Armour         Ice            68%        N/A       0%          3
 Portal Projectile        Hex/Tloc       100%       N/A       0%          3
 Spider Form              Tmut/Pois      32%        N/A       0%          3
 Stone Arrow              Conj/Erth      100%       3d13      0%          3
 Summon Guardian Golem    Hex/Summ       72%        N/A       0%          3
 Swiftness                Air            68%        N/A       0%          3
 Tukima's Dance           Hex            75%        N/A       0%          3
 Cause Fear               Hex            37%        N/A       0%          4
 Iskenderun's Mystic Bla  Conj/Tloc      75%        2d15      0%          4
 Leda's Liquefaction      Hex/Erth       36%        N/A       0%          4
 Passage of Golubria      Tloc           N/A        N/A       0%          4
 Sticky Flame             Conj/Fire      72%        2d9       0%          4
 Iskenderun's Battlesphe  Conj           75%        2d12      0%          5
 Manifold Assault         Tloc           75%        N/A       0%          5
 Airstrike                Air            34%        N/A       1%          4
 Animate Armour           Summ/Erth      100%       N/A       1%          4
 Animate Dead             Necr           34%        N/A       1%          4
 Olgreb's Toxic Radiance  Pois           65%        N/A       1%          4
 Summon Ice Beast         Ice/Summ       68%        N/A       1%          4
 Blade Hands              Tmut           32%        N/A       1%          5
 Bolt of Magma            Conj/Fire/Erth 35%        4d15      1%          5
 Excruciating Wounds      Necr           34%        N/A       1%          5
 Fireball                 Conj/Fire      36%        3d15      1%          5
 Freezing Cloud           Conj/Ice/Air   35%        6-21      1%          5
 Lee's Rapid Deconstruct  Erth           34%        3d18*     1%          5
 Lightning Bolt           Conj/Air       36%        1d54      1%          5
 Metabolic Englaciation   Hex/Ice        36%        N/A       1%          5
 Silence                  Hex/Air        36%        N/A       1%          5
 Summon Forest            Summ/Tloc      36%        N/A       1%          5
 Summon Mana Viper        Hex/Summ       72%        N/A       1%          5
 Conjure Ball Lightning   Conj/Air       36%        3x3d12    1%          6
 Death Channel            Necr           34%        N/A       1%          6
 Eringya's Noxious Bog    Tmut/Pois      32%        N/A       1%          6
 Shadow Creatures         Summ           N/A        N/A       1%          6
 Simulacrum               Ice/Necr       34%        N/A       1%          6
 Malign Gateway           Summ/Tloc      36%        N/A       1%          7
 Monstrous Menagerie      Summ           34%        N/A       1%          7
 Summon Hydra             Summ           34%        N/A       1%          7
 Storm Form               Tmut/Air       33%        N/A       3%          7
 Dragon Form              Tmut           32%        N/A       4%          7
 Lehudib's Crystal Spear  Conj/Erth      36%        10d9      9%          8
 Ignition                 Fire           34%        3d10      17%         8
 Chain Lightning          Conj/Air       36%        3d48      77%         9
 Fire Storm               Conj/Fire      36%        8d9       77%         9
 Dragon's Call            Summ           34%        N/A       94%         9
 Shatter                  Erth           34%        3d27*     95%         9


Dungeon Overview and Level Annotations

Branches:
Dungeon (15/15)            Temple (1/1) D:6            Lair (6/6) D:9
  Swamp (4/4) Lair:4       Spider (4/4) Lair:4        Slime (0/5) Lair:5
    Orc (2/2) D:12            Elf (2/3) Orc:2        Vaults (5/5) D:14
  Crypt (0/3) Vaults:3     Depths (0/5) D:15         Bailey (visited)
  IceCv (visited)

Altars:
Ashenzari
Cheibriados
Dithmenos
Elyvilon
Fedhas
Gozag
Hepliaklqana
Kikubaaqudgha
Makhleb
Nemelex Xobeh
Okawaru
Qazlal
Ru
Sif Muna
Trog
Uskayaw
Vehumet
Wu Jian
Xom
Yredelemnul
Zin
The Shining One
Beogh
Jiyva

Shops:
D:2 (   D:3 :   D:6 *   D:12 ?   Orc:1 *   Orc:2 :[?*   Elf:1 (   Vaults:1 !
Vaults:2 ?(:[[   Vaults:5 !

Portals:
Pandemonium: Orc:2

Annotations:
D:8 1 runed translucent door, DrabberRogue's ghost, novice HuCj
D:10 Erolcha
D:14 3 runed translucent doors, Wikhliuq's ghost, journeyman DDMo; Xisuv's ghost, journeyman MiDe
Elf:2 5 runed translucent doors


Innate Abilities, Weirdness & Mutations

You have very sharp teeth.
Your uncanny sense of smell can sniff out nearby items.
Your experience applies equally to all skills.
[Your body often deteriorates upon taking damage.]
[You are very weak. (Str -4)]


Message History

The rakshasa hits you but does no damage.
The nameless horror barely misses you.
You can move again.
As you read the scroll of teleportation {@r4}, it crumbles to dust.
You feel strangely unstable.
You feel the power of the Abyss delaying your translocation!
The guardian serpent completely misses you.
A raiju comes into view.
The great orb of eyes gazes at you. You resist with significant effort.
The great orb of eyes gazes at you.
You shrug off the repeated paralysis!
The guardian serpent hits you.
* * * LOW HITPOINT WARNING * * *
You block the crystal guardian's attack.
The rakshasa hits you but does no damage.
The nameless horror completely misses you.
The great orb of eyes bites you but does no damage.
The great orb of eyes bites you!
* * * LOW HITPOINT WARNING * * *
The guardian serpent closely misses you.
The crystal guardian hits you.
* * * LOW HITPOINT WARNING * * *
The raiju moves out of view.
The rakshasa hits you but does no damage.
The great orb of eyes bites you.
* * * LOW HITPOINT WARNING * * *
The crystal guardian fires a crystalline bolt at you.
The crystal bolt misses you. The crystal bolt burns you! You resist.
* * * LOW HITPOINT WARNING * * *
The crystal bolt burns the crystal guardian.
The crystal guardian completely resists.
You block the guardian serpent's attack.
The rakshasa completely misses you.
You feel better.
You block the guardian serpent's attack.
The great orb of eyes gazes at you. You resist with significant effort.
The crystal guardian fires a crystalline bolt at you.
The crystal bolt burns you! You resist.
You die...

,.......##.,##.R#*..##.
,, ,,
.,.,.#....,...........,,,
,,, *
....##.,.............,,*
,,,* ,
......##..##..##..#* ,, ,
,,*, ,..,
............∩..., * * ,
..................#...
**, ,** , ,
...........#..#####.,*
,,,,, , .. ..
..#.....#R#.#.#... , , ,
# #...###∩..#.@SG...# ,,
,,, , .
*.....#...#..G8.....# ,
,, ,,,, .
...{.##.wXφ...## *, ,* ,
. ., .....##.....†...#**
, ,,, ,, ....##...8...##
,,,,, * .#. .........#, ,
** * ,,,##.#+++#.## * *
*,* ** ,, , * * ## ∆{∆*##
,,* *** , * * ,* ,{,{, *,
* *,


You could see 2 great orbs of eyes, a rakshasa, 2 crystal guardians, a torpor
snail shaped shifter, a nameless horror and a guardian serpent.

Vanquished Creatures
  Mara (Vaults:2)
  A bone dragon (Abyss:4)
  Arachne (Spider:4)
  3 tentacled monstrosities
  Jorgrun (Spider:2)
  2 liches (Abyss:2)
  The ghost of Dogag the Slicer, an adept DgIE (Vaults:2)
  A titan (Vaults:5)
  A sphinx (Vaults:4)
  A storm dragon (Vaults:4)
  3 tengu reavers
  An Executioner (Abyss:4)
  Kirke (Spider:4)
  A thorn hunter (Swamp:4)
  Frances (D:12)
  A shadow dragon (Vaults:5)
  Donald (Swamp:3)
  6 ghost moths
  A fire giant (Vaults:5)
  Louise (Spider:4)
  4 emperor scorpions
  2 frost giants
  10 vault wardens
  Aizul (Swamp:3)
  A draconian knight (Abyss:4)
  An orc warlord (Orc:1)
  A draconian annihilator (Abyss:4)
  A reaper (IceCv)
  2 draconian stormcallers
  A stone giant (Vaults:5)
  A war gargoyle (Vaults:1)
  20 ironbound preservers
  8 very ugly things
  Azrael (D:15)
  7 entropy weavers
  3 deep elf annihilators
  4 bunyips
  2 dire elephants (Vaults:1)
  2 spark wasps
  A bunyip (shapeshifter) (Vaults:3)
  6 eleionomae
  4 great orbs of eyes
  2 fire dragons (D:15)
  An ettin (Vaults:5)
  2 shambling mangroves (Swamp:4)
  9 yaktaur captains
  A rakshasa (Abyss:3)
  19 hydras
  6 ghost crabs
  5 ironbound thunderhulks
  A peacekeeper (Vaults:1)
  4 vault guards
  2 death knights
  4 ironbound frosthearts
  3 two-headed ogres
  7 boulder beetles
  A catoblepas (D:13)
  7 alligators
  14 centaur warriors
  8 dancing weapons
  3 tengu warriors
  3 death yaks (Lair:5)
  2 thrashing horrors (Abyss:2)
  3 ironbound beastmasters
  11 deep elf knights
  2 hell knights (Vaults:5)
  6 orc high priests (Orc:2)
  Nergalle (Lair:4)
  3 spatial maelstroms
  A wretched star (Abyss:4)
  51 deep trolls
  3 goliath frogs
  A spriggan druid (Swamp:4)
  A glowing orange brain (D:13)
  2 skeletal warriors
  A death drake (Swamp:3)
  2 gelid demonspawn (Orc:2)
  An infernal demonspawn (Orc:2)
  12 ironbound convokers
  A flayed ghost (Vaults:5)
  5 bog bodies
  3 lindwurms
  12 orc knights
  9 swamp dragons
  14 deep elf archers
  A necromancer (Vaults:2)
  18 deep elf zephyrmancers
  4 wizards
  2 mana vipers
  24 deep elf pyromancers
  15 orb spiders
  A phantasmal warrior (Vaults:5)
  29 wolf spiders
  18 ugly things
  9 orc sorcerers
  4 manticores
  2 worldbinders (Abyss:3)
  7 will-o-the-wisps
  A stone giant zombie (Vaults:2)
  3 black mambas
  4 draconians (Abyss:4)
  A cyclops (D:15)
  18 elephants
  3 moths of wrath
  2 apocalypse crabs
  Joseph (D:10)
  4 smoke demons
  2 ice statues (IceCv)
  21 cane toads
  15 vault sentinels
  An orange demon (Orc:2)
  2 unseen horrors (D:12)
  5 kobold demonologists
  A yaktaur zombie (Vaults:2)
  2 gargoyles
  5 rime drakes
  A tengu conjurer (D:13)
  2 freezing wraiths
  3 efreet
  10 komodo dragons
  29 yaktaurs
  7 ice devils
  2 hellwings (Orc:2)
  3 bloated husks
  21 demonic crawlers
  A red devil (Orc:2)
  A human skeleton (Vaults:2)
  2 ancient zymes (Abyss:4)
  Grinder (D:6)
  56 slime creatures
  9 trolls
  29 jumping spiders
  A hornet (shapeshifter) (Elf:2)
  3 polar bears
  22 hornets
  14 tyrant leeches
  Prince Ribbit (D:6)
  5 dream sheep (Lair:5)
  An ettin zombie (Vaults:2)
  8 flying skulls
  15 blink frogs
  An air elemental (Elf:1)
  68 redbacks
  3 ynoxinuls (Abyss:2)
  Sigmund (D:5)
  5 water elementals
  A spriggan (shapeshifter) (D:13)
  30 tarantellas
  8 wraiths
  7 wyverns
  5 hogs (Spider:4)
  38 yaks
  2 vampires
  15 spriggans
  2 shadows (D:11)
  3 fire elementals
  Grum (D:10)
  4 basilisks
  2 neqoxecs
  4 steam dragons
  6 chaos spawn
  11 large abominations
  19 swamp worms
  Menkaure (D:6)
  A spatial vortex (Abyss:2)
  5 vampire mosquitoes
  A naga (shapeshifter) (D:13)
  4 acid dragons
  12 water moccasins
  A floating eye (D:13)
  Duvessa (D:6)
  4 hell hounds (D:15)
  6 swamp drakes
  A floating eye (shapeshifter) (Vaults:5)
  A black bear (Lair:1)
  2 necrophages
  48 orc warriors
  5 ice beasts
  7 ogres
  14 starcursed masses
  2 sky beasts
  4 boggarts (Vaults:1)
  17 wolves
  20 centaurs
  A phantom (D:5)
  6 kobold brigands
  An elf zombie (Abyss:2)
  23 bullfrogs
  4 earth elementals
  A gnoll sergeant (D:11)
  Dowan (D:6)
  4 scorpions
  12 small abominations
  A water moccasin skeleton (D:6)
  11 killer bees
  An electric eel (Spider:3)
  10 howler monkeys
  A bullfrog zombie (D:6)
  A quasit (Abyss:3)
  2 centaur zombies
  A jelly (D:4)
  Crazy Yiuf (D:5)
  6 centaur skeletons
  30 orc priests
  An iron imp (Abyss:2)
  2 gnoll shamans
  5 iguanas
  7 orc wizards
  A killer bee zombie (D:8)
  Robin (D:3)
  4 howler monkey zombies
  14 gnolls
  7 adders
  A shadow imp (D:6)
  13 white imps
  9 ufetubi
  5 dart slugs
  57 orcs
  9 ball pythons
  7 endoplasms
  2 giant cockroaches
  16 goblins
  9 hobgoblins
  6 jackals
  6 quokkas
  25 kobolds
  6 rats
  A lurking horror (Abyss:4)
1559 creatures vanquished.

Vanquished Creatures (collateral kills)
  A tentacled monstrosity (Vaults:5)
  2 sphinxes
  2 storm dragons (Vaults:5)
  3 vault wardens
  A deep elf sorcerer (Vaults:5)
  2 fire giants (Vaults:5)
  An ironbound preserver (Vaults:4)
  A very ugly thing (Abyss:3)
  3 war gargoyles
  A deep elf demonologist (Vaults:5)
  An entropy weaver (Vaults:4)
  3 ettins (Vaults:5)
  A crystal guardian (Vaults:4)
  A yaktaur captain (Vaults:3)
  A deep elf death mage (Vaults:5)
  A deep elf high priest (Vaults:5)
  A peacekeeper (Vaults:4)
  A hydra (Lair:6)
  2 ironbound frosthearts
  21 vault guards (Vaults:5)
  A thrashing horror (Abyss:2)
  A dancing weapon (Vaults:5)
  An ironbound beastmaster (Vaults:4)
  A deep elf knight (Vaults:5)
  2 hell knights (Vaults:5)
  A wretched star (Abyss:2)
  A shadow wraith (Vaults:5)
  A glowing orange brain (Vaults:4)
  12 deep trolls
  2 wizards (Vaults:4)
  A phantasmal warrior (Vaults:5)
  An ironbound convoker (Vaults:5)
  5 lindwurms
  A necromancer (Vaults:5)
  5 ugly things
  A deep elf pyromancer (Vaults:5)
  3 vault sentinels (Vaults:5)
  An eye of devastation (shapeshifter) (Vaults:5)
  A cane toad (Lair:6)
  A hellion (Abyss:2)
  A freezing wraith (Vaults:5)
  26 yaktaurs
  A hellwing (Abyss:2)
  4 slime creatures (Vaults:4)
  A blink frog (Lair:6)
  A frost giant simulacrum (Abyss:2)
  2 large abominations (Abyss:2)
  A neqoxec (Abyss:2)
  An orc warrior (Vaults:5)
  2 starcursed masses (Abyss:4)
  A small abomination (Abyss:2)
  A white imp (Abyss:2)
  An orc (Vaults:5)
  An endoplasm (D:1)
  A hobgoblin (D:1)
  A kobold (D:6)
139 creatures vanquished.

Vanquished Creatures (others)
  Margery (Vaults:4)
  A vault warden (Vaults:4)
  A stone giant (Vaults:5)
  A ghost crab (Swamp:4)
  An alligator (Swamp:4)
  A thrashing horror (Abyss:2)
  A spriggan (Swamp:4)
  A hell knight (Vaults:5)
  2 wretched stars (Abyss:4)
  A wizard (Vaults:4)
  A deep elf archer (Elf:2)
  A swamp dragon (Swamp:3)
  2 deep elf zephyrmancers (Elf:1)
  An ugly thing (Vaults:4)
  A draconian (Abyss:4)
  A guardian serpent (shapeshifter) (Abyss:4)
  A yaktaur (D:14)
  A hornet (Swamp:4)
  An air elemental (Elf:2)
  A human (Spider:4)
  A vampire mosquito (Lair:6)
  A chaos spawn (Abyss:2)
  A wolf (Lair:6)
  A centaur (D:15)
  An orc wizard (D:14)
  2 white imps (IceCv)
  3 ufetubi (IceCv)
  30 bushes (D:15)
  17 foxfires
  11 fungi
  A lurking horror (Abyss:2)
  69 plants
  6 withered plants (D:14)
166 creatures vanquished.

Grand Total: 1864 creatures vanquished

Notes
Turn   | Place    | Note
-------+----------+-------------------------------------------
     0 | D:1      | freelancePsychic the Gnoll Hedge Wizard began the quest for
                  | the Orb.
     0 | D:1      | Reached XP level 1. HP: 13/13 MP: 8/8
   338 | D:1      | Reached XP level 2. HP: 18/19 MP: 6/10
   387 | D:1      | Learned a level 2 spell: Call Imp
  1196 | D:1      | Reached XP level 3. HP: 22/25 MP: 11/11
  1711 | D:2      | Found a faded altar of an unknown god.
  1719 | D:2      | Found Athrotiaq's Weapon Shop.
  1725 | D:2      | Learned a level 2 spell: Poisonous Vapours
  1791 | D:2      | Reached skill level 1 in Invocations
  2322 | D:2      | Reached skill level 1 in Fighting
  2322 | D:2      | Reached skill level 1 in Short Blades
  2322 | D:2      | Reached skill level 1 in Long Blades
  2322 | D:2      | Reached skill level 1 in Axes
  2322 | D:2      | Reached skill level 1 in Maces & Flails
  2322 | D:2      | Reached skill level 1 in Polearms
  2322 | D:2      | Reached skill level 1 in Staves
  2322 | D:2      | Reached skill level 1 in Slings
  2322 | D:2      | Reached skill level 1 in Bows
  2322 | D:2      | Reached skill level 1 in Crossbows
  2322 | D:2      | Reached skill level 1 in Throwing
  2322 | D:2      | Reached skill level 1 in Armour
  2322 | D:2      | Reached skill level 1 in Shields
  2322 | D:2      | Reached skill level 1 in Unarmed Combat
  2322 | D:2      | Reached skill level 1 in Evocations
  2721 | D:3      | Reached XP level 4. HP: 32/32 MP: 8/13
  2776 | D:3      | Noticed Robin
  3127 | D:3      | Killed Robin
  3315 | D:3      | Reached skill level 1 in Hexes
  3315 | D:3      | Reached skill level 1 in Necromancy
  3315 | D:3      | Reached skill level 1 in Transmutations
  3315 | D:3      | Reached skill level 1 in Fire Magic
  3315 | D:3      | Reached skill level 1 in Ice Magic
  3315 | D:3      | Reached skill level 1 in Air Magic
  3315 | D:3      | Reached skill level 1 in Earth Magic
  3315 | D:3      | Reached skill level 1 in Poison Magic
  3871 | D:3      | Reached XP level 5. HP: 37/37 MP: 2/14
  4004 | D:3      | Found Tankerr's Book Shoppe.
  4076 | D:3      | Noticed a sky beast
  4098 | D:3      | Killed a sky beast
  4332 | D:3      | Learned a level 3 spell: Ignite Poison
  4774 | D:4      | Noticed an ogre
  4789 | D:4      | Killed an ogre
  4790 | D:4      | Reached skill level 5 in Dodging
  4790 | D:4      | Reached XP level 6. HP: 42/44 MP: 6/16
  4801 | D:4      | Reached skill level 2 in Axes
  5392 | D:4      | Learned a level 3 spell: Mephitic Cloud
  5416 | D:4      | Reached XP level 7. HP: 50/50 MP: 11/18
  5726 | D:5      | Entered Level 5 of the Dungeon
  6020 | D:5      | Noticed Sigmund
  6026 | D:5      | Killed Sigmund
  6133 | D:5      | Reached skill level 5 in Stealth
  6343 | D:5      | Found a runed translucent door.
  6344 | D:5      | Noticed Crazy Yiuf
  6412 | D:5      | Reached skill level 3 in Axes
  6412 | D:5      | Reached XP level 8. HP: 58/58 MP: 12/19
  6948 | D:6      | Noticed Menkaure
  6952 | D:6      | Killed Menkaure
  7198 | D:6      | Noticed Prince Ribbit
  7206 | D:6      | Killed Prince Ribbit
  7207 | D:6      | Reached XP level 9. HP: 65/65 MP: 1/21
  7497 | D:6      | Learned a level 4 spell: Olgreb's Toxic Radiance
  7677 | D:6      | Found Selyujoz's Assorted Antiques.
  7762 | D:6      | Noticed Duvessa
  7762 | D:6      | Noticed Dowan
  7766 | D:6      | Killed Duvessa
  7766 | D:6      | Killed Dowan
  7767 | D:6      | Reached skill level 4 in Axes
  7897 | D:6      | Noticed Grinder
  7907 | D:6      | Killed Grinder
  8360 | D:6      | Found a staircase to the Ecumenical Temple.
  8398 | Temple   | Entered the Ecumenical Temple
  8471 | Temple   | Became a worshipper of Ashenzari the Shackled
  8790 | D:7      | Found a snail-covered altar of Cheibriados.
  9229 | D:7      | Reached skill level 5 in Invocations
  9998 | D:7      | Reached * piety under Ashenzari
 10297 | D:7      | Reached XP level 10. HP: 43/73 MP: 3/22
 10525 | D:8      | Found a runed translucent door.
 10526 | D:8      | Noticed DrabberRogue's ghost (novice HuCj)
 10635 | D:8      | Reached skill level 5 in Fighting
 10635 | D:8      | Reached skill level 5 in Short Blades
 10635 | D:8      | Reached skill level 5 in Long Blades
 10635 | D:8      | Reached skill level 5 in Axes
 10635 | D:8      | Reached skill level 5 in Maces & Flails
 10635 | D:8      | Reached skill level 5 in Polearms
 10635 | D:8      | Reached skill level 5 in Staves
 10635 | D:8      | Reached skill level 5 in Slings
 10635 | D:8      | Reached skill level 5 in Bows
 10635 | D:8      | Reached skill level 5 in Crossbows
 10635 | D:8      | Reached skill level 5 in Throwing
 10635 | D:8      | Reached skill level 5 in Armour
 10635 | D:8      | Reached skill level 5 in Shields
 10635 | D:8      | Reached skill level 5 in Unarmed Combat
 10635 | D:8      | Reached skill level 5 in Evocations
 10662 | D:8      | Identified a scroll of acquirement
 10671 | D:8      | Acquired the ring "Elolurchiow" {rF+ rN+ AC+4}
 11051 | D:9      | Reached ** piety under Ashenzari
 11091 | D:9      | Noticed a kobold demonologist
 11096 | D:9      | Noticed a rust devil
 11096 | D:9      | Killed a kobold demonologist
 11295 | D:9      | Reached skill level 5 in Conjurations
 11295 | D:9      | Reached skill level 5 in Summonings
 11295 | D:9      | Reached skill level 5 in Translocations
 11855 | D:9      | Reached XP level 11. HP: 81/81 MP: 11/24
 11943 | D:9      | Found a staircase to the Lair.
 12126 | D:9      | Identified the +8 hunting sling of Purpose {flame, +Blink
                  | rN+ MP+9}
 12772 | D:10     | Entered Level 10 of the Dungeon
 12772 | D:10     | Identified Dispater's Reference Book on the Entourage
 12862 | D:10     | Reached skill level 6 in Axes
 12866 | D:10     | Reached skill level 5 in Hexes
 12866 | D:10     | Reached skill level 5 in Necromancy
 12866 | D:10     | Reached skill level 5 in Transmutations
 12866 | D:10     | Reached skill level 5 in Fire Magic
 12866 | D:10     | Reached skill level 5 in Ice Magic
 12866 | D:10     | Reached skill level 5 in Air Magic
 12866 | D:10     | Reached skill level 5 in Earth Magic
 12866 | D:10     | Reached skill level 5 in Poison Magic
 12866 | D:10     | Noticed Grum
 12868 | D:10     | Noticed Joseph
 12876 | D:10     | Killed Joseph
 12881 | D:10     | Killed Grum
 12906 | D:10     | Found a flagged portal.
 13053 | Bailey   | Entered a bailey
 13055 | Bailey   | Noticed an orc knight
 13055 | Bailey   | Noticed an orc knight
 13064 | Bailey   | Killed an orc knight
 13064 | Bailey   | Killed an orc knight
 13220 | Bailey   | Noticed an orc knight
 13226 | Bailey   | Killed an orc knight
 13419 | Bailey   | Noticed an orc knight
 13420 | Bailey   | Identified the +1 ring mail of Leaves {Dex+4}
 13429 | Bailey   | Killed an orc knight
 13614 | D:10     | Noticed a two-headed ogre
 13619 | D:10     | Killed a two-headed ogre
 13627 | D:10     | Learned a level 5 spell: Bolt of Magma
 13686 | D:10     | Noticed Erolcha
 13714 | D:10     | Noticed a white ugly thing
 13718 | D:10     | Killed a white ugly thing
 13723 | D:10     | Identified the +1 hat "Vuacam" {Str+2}
 13730 | D:10     | Reached *** piety under Ashenzari
 13962 | D:10     | Noticed a two-headed ogre
 13970 | D:10     | Killed a two-headed ogre
 13971 | D:10     | Reached XP level 12. HP: 89/89 MP: 23/25
 14474 | D:11     | Noticed a seven-headed hydra
 14480 | D:11     | Killed a seven-headed hydra
 14481 | D:11     | Reached skill level 10 in Spellcasting
 14702 | D:11     | Reached skill level 7 in Axes
 14807 | D:11     | Reached **** piety under Ashenzari
 14975 | D:11     | Noticed a two-headed ogre
 14979 | D:11     | Killed a two-headed ogre
 15106 | D:11     | Noticed a boulder beetle
 15109 | D:11     | Killed a boulder beetle
 15579 | D:12     | Noticed Frances
 15592 | D:12     | Killed Frances
 16005 | D:12     | Noticed a boulder beetle
 16029 | D:12     | Killed a boulder beetle
 16327 | D:12     | Identified the +0 ring mail of the Crushed Souls {rC+ Will+
                  | Dex+2}
 16467 | D:12     | Found Zyggimyrgh's Magic Scroll Emporium.
 16475 | D:12     | Bought a scroll of enchant armour for 120 gold pieces
 16475 | D:12     | Bought a scroll of enchant armour for 120 gold pieces
 16617 | D:12     | Found a staircase to the Orcish Mines.
 16629 | Orc:1    | Entered Level 1 of the Orcish Mines
 16733 | Orc:1    | Found Looss's General Store.
 16914 | Orc:1    | Noticed an orc warlord
 16919 | Orc:1    | Reached XP level 13. HP: 81/98 MP: 26/27
 16922 | Orc:1    | Killed an orc warlord
 16923 | Orc:1    | Reached skill level 8 in Axes
 17148 | Orc:2    | Entered Level 2 of the Orcish Mines
 17214 | Orc:2    | Found a staircase to the Elven Halls.
 17215 | Orc:2    | Reached ***** piety under Ashenzari
 17441 | Orc:2    | Found Foclyxal's Magic Scroll Shop.
 17465 | Orc:2    | Found Muwugavo's General Store.
 17632 | Orc:2    | Found Ysiuptut's Antique Armour Shoppe.
 18059 | Orc:2    | Found Potul's Book Emporium.
 18097 | Orc:2    | Found a one-way gate leading to the halls of Pandemonium.
 18110 | Orc:2    | Reached XP level 14. HP: 75/113 MP: 27/31
 18125 | Orc:2    | Reached skill level 10 in Dodging
 18149 | Orc:2    | Bought a book of Transfigurations for 680 gold pieces
 18156 | Orc:2    | Learned a level 6 spell: Invisibility
 18406 | Orc:2    | Paralysed by an orc sorcerer for 2 turns
 18903 | Lair:1   | Entered Level 1 of the Lair of Beasts
 19224 | Lair:1   | Reached skill level 9 in Axes
 19694 | Lair:1   | Reached skill level 10 in Stealth
 20561 | Lair:3   | Reached skill level 10 in Invocations
 20641 | Lair:3   | Learned a level 7 spell: Orb of Destruction
 20648 | Lair:3   | Learned a level 5 spell: Irradiate
 21257 | D:5      | Killed Crazy Yiuf
 21266 | D:5      | Reached ****** piety under Ashenzari
 22122 | Lair:4   | Found a hole to the Spider Nest.
 22161 | Lair:4   | Noticed Nergalle
 22168 | Lair:4   | Killed Nergalle
 22386 | Lair:4   | Found a bloodstained altar of Trog.
 22589 | Lair:4   | Found a staircase to the Swamp.
 23098 | Lair:5   | Found a staircase to the Slime Pits.
 23099 | Lair:5   | Found a viscous altar of Jiyva.
 23191 | Lair:5   | Found a shadowy altar of Dithmenos.
 23496 | Lair:5   | Reached XP level 15. HP: 125/125 MP: 28/34
 23808 | Lair:6   | Entered Level 6 of the Lair of Beasts
 23892 | Lair:6   | Found a frozen archway.
 23898 | IceCv    | Entered an ice cave
 24740 | IceCv    | Identified the +9 demon trident of Intimidation {pain,
                  | +Rage}
 25113 | Lair:5   | Reached skill level 10 in Axes
 25302 | Lair:5   | Reached skill level 10 in Fighting
 25302 | Lair:5   | Reached skill level 10 in Short Blades
 25302 | Lair:5   | Reached skill level 10 in Long Blades
 25302 | Lair:5   | Reached skill level 10 in Maces & Flails
 25302 | Lair:5   | Reached skill level 10 in Polearms
 25302 | Lair:5   | Reached skill level 10 in Staves
 25302 | Lair:5   | Reached skill level 10 in Slings
 25302 | Lair:5   | Reached skill level 10 in Bows
 25302 | Lair:5   | Reached skill level 10 in Crossbows
 25302 | Lair:5   | Reached skill level 10 in Throwing
 25302 | Lair:5   | Reached skill level 10 in Armour
 25302 | Lair:5   | Reached skill level 10 in Shields
 25302 | Lair:5   | Reached skill level 10 in Unarmed Combat
 25302 | Lair:5   | Reached skill level 10 in Evocations
 26036 | Lair:6   | Found the +8 autumn katana {vorpal, Clar}
 26820 | Elf:1    | Entered Level 1 of the Elven Halls
 27131 | Elf:1    | Identified the Disquisition on Conjuration
 27282 | Elf:1    | Reached skill level 11 in Axes
 27352 | Elf:1    | Reached XP level 16. HP: 108/134 MP: 36/36
 27754 | Elf:1    | Found Moumiyn's Weapon Shoppe.
 28604 | Elf:2    | Acquired 849 gold pieces
 28720 | Elf:2    | Paralysed by an air elemental for 1 turns
 28725 | Elf:2    | Paralysed by an air elemental for 1 turns
 29197 | Elf:2    | Found a huge runed translucent gate.
 29197 | Elf:2    | Found a huge runed translucent gate.
 29197 | Elf:2    | Found a huge runed translucent gate.
 29197 | Elf:2    | Found a huge runed translucent gate.
 29197 | Elf:2    | Found a huge runed translucent gate.
 29687 | Elf:2    | Reached skill level 12 in Axes
 31541 | D:13     | Reached XP level 17. HP: 136/142 MP: 23/38
 31599 | D:13     | Identified Vehumet's Catalogue of Attacks
 31600 | D:13     | Identified the +3 leather armour "Ygiral" {Int+2}
 31869 | D:14     | Found a gate to the Vaults.
 32102 | D:14     | Noticed Wikhliuq's ghost (journeyman DDMo)
 32111 | D:14     | Found a runed translucent gate.
 32111 | D:14     | Found a runed translucent gate.
 32111 | D:14     | Found a runed translucent gate.
 32111 | D:14     | Noticed Xisuv's ghost (journeyman MiDe)
 32510 | D:14     | Reached skill level 10 in Conjurations
 32510 | D:14     | Reached skill level 10 in Summonings
 32510 | D:14     | Reached skill level 10 in Translocations
 32797 | D:14     | Identified the Grimoire of Dark Conjuration
 32927 | D:14     | Found an opulent altar of Gozag.
 33546 | D:15     | Entered Level 15 of the Dungeon
 33678 | D:15     | Found a staircase to the Depths.
 34065 | D:15     | Noticed Azrael
 34078 | D:15     | Killed Azrael
 34484 | D:15     | Found a sacrificial altar of Ru.
 34495 | D:15     | Reached skill level 13 in Axes
 35014 | Spider:1 | Entered Level 1 of the Spider Nest
 35014 | Spider:1 | Identified the +0 helmet of Apathy {rPois Str+4}
 35082 | Spider:1 | Reached skill level 10 in Hexes
 35082 | Spider:1 | Reached skill level 10 in Necromancy
 35082 | Spider:1 | Reached skill level 10 in Transmutations
 35082 | Spider:1 | Reached skill level 10 in Fire Magic
 35082 | Spider:1 | Reached skill level 10 in Ice Magic
 35082 | Spider:1 | Reached skill level 10 in Air Magic
 35082 | Spider:1 | Reached skill level 10 in Earth Magic
 35082 | Spider:1 | Reached skill level 10 in Poison Magic
 35993 | Spider:1 | Learned a level 2 spell: Blink
 36206 | Spider:2 | Noticed Jorgrun
 36216 | Spider:2 | Killed Jorgrun
 36217 | Spider:2 | Reached XP level 18. HP: 151/151 MP: 25/39
 37315 | Spider:3 | Learned a level 6 spell: Starburst
 37765 | Spider:4 | Entered Level 4 of the Spider Nest
 37780 | Spider:4 | Noticed Kirke
 37935 | Spider:4 | Reached skill level 14 in Axes
 37935 | Spider:4 | Killed Kirke
 38111 | Spider:4 | Identified the +4 battleaxe of Aptihoor {flame, rC+ Str+7}
 38131 | Spider:4 | Noticed Louise
 38344 | Spider:4 | Learned a level 4 spell: Dispel Undead
 38543 | Spider:4 | Cast into level 2 of the Abyss (Louise)
 38817 | Abyss:2  | Noticed a bone dragon
 38864 | Abyss:2  | Noticed a lich
 38880 | Abyss:2  | Killed a lich
 39045 | Spider:4 | Escaped the Abyss
 39052 | Spider:4 | Killed Louise
 39248 | Spider:4 | Noticed Arachne
 39268 | Spider:4 | Learned a level 8 spell: Ignition
 39550 | Spider:4 | Reached XP level 19. HP: 99/159 MP: 23/41
 40348 | Spider:4 | Killed Arachne
 40355 | Spider:4 | Got a gossamer rune of Zot
 40671 | Swamp:1  | Entered Level 1 of the Swamp
 41516 | Swamp:1  | Upgraded the game from 0.27-a0-1416-g941b2bd30b to
                  | 0.27-a0-1431-gcffa5a9b16
 42201 | Swamp:2  | Identified the +5 flail of Fragile Peace {freeze, rElec}
 42203 | Swamp:2  | Reached skill level 15 in Axes
 42566 | Swamp:2  | Learned a level 5 spell: Manifold Assault
 42730 | Swamp:3  | Identified the +9 dire flail "Yrogaril" {elec, Int+4}
 42737 | Swamp:3  | Noticed Donald
 42752 | Swamp:3  | Killed Donald
 42862 | Swamp:3  | Noticed a tentacled monstrosity
 42875 | Swamp:3  | Killed a tentacled monstrosity
 42993 | Swamp:3  | Noticed Aizul
 43162 | Swamp:3  | Identified the +8 chain mail "Yxkowk" {rC+}
 43250 | Swamp:3  | Noticed a tentacled monstrosity
 43255 | Swamp:3  | Killed Aizul
 43273 | Swamp:3  | Killed a tentacled monstrosity
 43571 | Swamp:4  | Entered Level 4 of the Swamp
 44543 | Swamp:4  | Reached XP level 20. HP: 138/168 MP: 26/42
 45254 | Swamp:4  | Got a decaying rune of Zot
 45852 | Vaults:1 | Entered Level 1 of the Vaults
 46794 | Vaults:1 | Found Danigi's Distillery.
 46815 | Vaults:1 | Bought a potion of brilliance for 72 gold pieces
 46815 | Vaults:1 | Bought a potion of heal wounds for 90 gold pieces
 46815 | Vaults:1 | Bought a potion of magic for 144 gold pieces
 46815 | Vaults:1 | Bought a potion of brilliance for 72 gold pieces
 46815 | Vaults:1 | Bought a potion of haste for 180 gold pieces
 47306 | Vaults:1 | Reached skill level 16 in Axes
 47610 | Vaults:2 | Found Ykkeatis's Antique Armour Shop.
 47619 | Vaults:2 | Found Hepywkea's Book Boutique.
 47676 | Vaults:2 | Bought a jewelled ring mail for 234 gold pieces
 47676 | Vaults:2 | Identified the +1 ring mail "Mimeggupu" {Will+} (You bought
                  | it in a shop on level 2 of the Vaults)
 47676 | Vaults:2 | Bought a heavily runed ring mail for 234 gold pieces
 47676 | Vaults:2 | Identified the +5 ring mail of a bazaar {rC+} (You bought
                  | it in a shop on level 2 of the Vaults)
 47857 | Vaults:2 | Found Suetuorr's Antique Armour Shoppe.
 47902 | Vaults:2 | Reached skill level 15 in Spellcasting
 47909 | Vaults:2 | Cast into level 4 of the Abyss (vault warden)
 47909 | Abyss:4  | Found a corrupted altar of Lugonu.
 48114 | Abyss:4  | Found a corrupted altar of Lugonu.
 48136 | Abyss:4  | Found a transporter.
 48136 | Abyss:4  | Noticed a profane servitor
 48154 | Abyss:4  | Noticed a bone dragon
 48169 | Abyss:4  | Killed a bone dragon
 48204 | Abyss:4  | Found a transporter.
 48262 | Vaults:2 | Escaped the Abyss
 48666 | Vaults:2 | Found a runed translucent door.
 48669 | Vaults:2 | Noticed Dogag's ghost (adept DgIE)
 48730 | Vaults:2 | Reached XP level 21. HP: 176/176 MP: 44/44
 49484 | Vaults:2 | Found Zixo's Antique Weapon Shoppe.
 49520 | Vaults:2 | Found Inenex's Magic Scroll Shoppe.
 49527 | Vaults:2 | Bought a scroll of enchant armour for 120 gold pieces
 49813 | Vaults:2 | Reached skill level 15 in Invocations
 50437 | Vaults:2 | Killed Dogag's ghost
 50682 | Vaults:3 | Noticed Mara
 50688 | Vaults:3 | Noticed freelancePsychic's illusion
 50807 | Vaults:3 | Noticed freelancePsychic's illusion
 50812 | Vaults:2 | Killed Mara
 51139 | Vaults:3 | Reached skill level 17 in Axes
 51305 | Vaults:3 | Found a staircase to the Crypt.
 51305 | Vaults:3 | Found an ancient bone altar of Kikubaaqudgha.
 51316 | Vaults:3 | Found a basalt altar of Yredelemnul.
 51471 | Vaults:2 | Bought a book of Misfortune for 442 gold pieces
 51719 | D:6      | Bought a potion of haste for 280 gold pieces
 51719 | D:6      | Bought a potion of brilliance for 112 gold pieces
 51719 | D:6      | Bought a scroll of amnesia for 98 gold pieces
 51732 | D:6      | Learned a level 8 spell: Discord
 51739 | D:6      | Learned a level 5 spell: Yara's Violent Unravelling
 52426 | Vaults:3 | Identified the +8 quarterstaff "Runit" {venom, Str+3}
 53247 | Vaults:4 | Reached XP level 22. HP: 170/185 MP: 32/45
 53944 | Vaults:4 | Reached skill level 15 in Dodging
 54874 | Vaults:4 | Reached skill level 15 in Stealth
 55014 | Vaults:5 | Entered Level 5 of the Vaults
 55021 | Vaults:5 | Found Ytroqas's Distillery.
 55024 | Vaults:5 | Identified the +1 pearl dragon scales of Eternal Night {rF-
                  | rN+ Str+2 Dex+4}
 55524 | Vaults:5 | Noticed Margery
 55741 | Vaults:4 | Killed Margery
 55939 | Vaults:5 | Got a silver rune of Zot
 56054 | Vaults:5 | Reached skill level 18 in Axes
 56115 | Vaults:5 | Identified the +1 chain mail "Trusted Companion" {rF+
                  | Int+3}
 56554 | Vaults:5 | Found the +4 Cigotuvi's embrace {rMiasma Drain rN+}
 57379 | Vaults:5 | Reached skill level 15 in Bows
 57440 | Vaults:5 | Reached XP level 23. HP: 175/192 MP: 47/47
 57507 | Vaults:5 | Cast into level 2 of the Abyss (a deep elf sorcerer)
 57578 | Abyss:2  | Learned a level 8 spell: Summon Horrible Things
 57909 | Abyss:2  | Found a radiant altar of Vehumet.
 58104 | Abyss:3  | Reached skill level 15 in Fighting
 58104 | Abyss:3  | Reached skill level 15 in Short Blades
 58104 | Abyss:3  | Reached skill level 15 in Long Blades
 58104 | Abyss:3  | Reached skill level 15 in Maces & Flails
 58104 | Abyss:3  | Reached skill level 15 in Polearms
 58104 | Abyss:3  | Reached skill level 15 in Staves
 58104 | Abyss:3  | Reached skill level 15 in Slings
 58104 | Abyss:3  | Reached skill level 15 in Crossbows
 58104 | Abyss:3  | Reached skill level 15 in Throwing
 58104 | Abyss:3  | Reached skill level 15 in Armour
 58104 | Abyss:3  | Reached skill level 15 in Shields
 58104 | Abyss:3  | Reached skill level 15 in Unarmed Combat
 58104 | Abyss:3  | Reached skill level 15 in Evocations
 58218 | Abyss:4  | Paralysed by a great orb of eyes for 5 turns
 58226 | Abyss:4  | Killed from afar by a crystal guardian

Illustrated notes

Levels and vault maps discovered:
D:1:      wheals_arrival_shading, layout_loops_cross
D:2:      layout_rooms, hellmonk_ecumenical_altar_arch_garden, serial_shops,
          shop, chequers_serial_rivers_micro_e, serial_bayou_crossing
D:3:      wad_lake_hut, layout_basic, serial_shops, shop,
          chequers_serial_rivers_small_b, minmay_crystal_room, nrook_campfire,
          minmay_distorted, uniq_robin
D:4:      layout_rooms, serial_glass, glass_columns_c, glass_columns_c,
          glass_columns_a, glass_columns_a, glass_columns_c, glass_columns_a,
          glass_columns_a, glass_columns_c, minmay_strange_pillars,
          minmay_strange_pillars, due_unseen_surprise, hex_tiny
D:5:      layout_gridville, nicolae_zen_rock_garden, uniq_sigmund,
          uniq_crazy_yiuf_cottage
D:6:      layout_loops_corners, minmay_temple_entry_poolview, serial_shops,
          nicolae_stop_n_shop_1, uniq_menkaure, uniq_grinder, uniq_duvessa,
          uniq_prince_ribbit1
D:7:      layout_gridville, lemuel_round_altar
D:8:      layout_basic, gammafunk_ghost_grave, serial_park_tiny_2
D:9:      layout_small_grid, erik_lair_dragon
D:10:     layout_loops_ring, enter_bailey_4, uniq_erolcha, uniq_grum,
          uniq_joseph
D:11:     layout_grid_maze
D:12:     layout_basic, david_orc_4, serial_glass, glass_columns_a,
          glass_columns_c, serial_shops, nicolae_stop_n_shop_2,
          hellmonk_bongcloud_opening, uniq_frances
D:13:     cheibrodos_hippocracy, layout_loops_ring
D:14:     layout_grid_maze, hangedman_vaults_entry_quadrant_bands,
          nicolae_gozag_cash_rules_everything_around_me,
          gammafunk_ghost_cemetery, serial_bayou_pond_e, serial_bayou_pond_c,
          statue_in_the_mist_lemuel
D:15:     grunt_enter_depths_hoard, layout_stronghold, minmay_hedge_maze,
          grunt_ministairs_12, nicolae_ru_sacrificial_ziggurat, uniq_azrael
Temple:   nicolae_temple_the_god_donut
Lair:1:   layout_regular_city, beast_lair_carwin_3
Lair:2:   layout_long_grid, serial_bayou_shore_b, serial_bayou_shore_b
Lair:3:   layout_regular_city
Lair:4:   layout_loops_ring, minmay_swamp_entry_worms,
          nicolae_spider_entry_orb_guardian, lemuel_centaur_altar, uniq_nergalle
Lair:5:   layout_layer_cave, slime_altar_1, basic_altar
Lair:6:   minmay_lair_end_frog_pond, layout_hall_layers, portal_ice_cave_rime
Swamp:1:  layout_basic_swamp, evilmike_swamp_ruin_rubble_1, swamp_pool5
Swamp:2:  layout_basic_swamp, hangedman_swamp_diagram
Swamp:3:  layout_basic_swamp, evilmike_swamp_ruin_house_5, swamp_pool4,
          uniq_aizul, uniq_donald
Swamp:4:  swamp_alternative, layout_basic_swamp
Spider:1: layout_spider_delve
Spider:2: layout_chambers, uniq_jorgrun
Spider:3: layout_spider_delve
Spider:4: grunt_spider_rune_island, uniq_louise, uniq_kirke, uniq_arachne
Orc:1:    layout_diamond_mine, serial_shops, nicolae_diamond_shop, special_room
          [special_room_orc]
Orc:2:    pf_orc_diabolical, layout_diamond_mine
Elf:1:    minmay_elf_arrival_summoners, layout_geoelf_diagonals, serial_shops,
          shop, minmay_elf_annihilation
Elf:2:    layout_geoelf_grid, grunt_megastairs_5
Vaults:1: v_misc_10, v_misc_28, grunt_vaults_funnel,
          ontoclasm_vaults_ring_small, v_misc_12, dpeg_vaults_monster_row,
          nicolae_vaults_little_squares_6, nicolae_vaults_network_s,
          vaults_dpeg_ring, vaults_dpeg_diagonal, layout_vaults_ring,
          serial_shops, shop
Vaults:2: ebering_vaults_ghost_inner_flame, v_misc_29,
          hangedman_vaults_capsules, nicolae_vaults_rhombus_7,
          nicolae_vaults_yaktaur_gun_rack,
          nicolae_vaults_windows_and_doors_thing, vaults_mumra_chevron,
          vaults_mumra_minichess_inversion, vaults_mumra_hexcomb,
          layout_vaults_omnigrid, serial_shops, shop, nicolae_shop_statue_plus,
          shop, nicolae_lakefront_shop, nicolae_lakefront_shop
Vaults:3: nicolae_vaults_angled_halls, hangedman_vaults_hat, vaults_dpeg_hooks,
          v_misc_26, nicolae_vaults_angled_halls, v_rooms_2,
          hangedman_vaults_stream, nicolae_vaults_mini_display_case,
          grunt_vaults_trifunnel, minmay_crypt_entry_necro_gods,
          nicolae_vaults_asterisk, nicolae_vaults_angled_halls,
          nicolae_vaults_rhombus_5, vaults_room_hallway, layout_vaults_maze,
          uniq_mara
Vaults:4: v_rooms_4, vaults_standard_mumra_lines, v_misc_33,
          ontoclasm_vaults_spin, vaults_dpeg_cross,
          nicolae_vaults_diagonal_hallway_6, dpeg_vaults_monster_box, v_misc_14,
          nicolae_vaults_network_square, ontoclasm_vaults_misaligned,
          hangedman_vaults_stretched_pinwheel, layout_vaults_big_cross
Vaults:5: uniq_margery
Abyss:4:  base: Crypt:2, gammafunk_abyss_rune_reverse_zot,
          hangedman_decor_points, gammafunk_abyss_rune_reverse_zot, base:
          Lair:1, hangedman_grunt_abyss_rune_horror_hoard, bh_abyss_exit_choice

Skill      XL: |  1  2  3  4  5  6  7  8  9 10 11 12 13 14 15 16 17 18 19 20 21 22 23 |
---------------+----------------------------------------------------------------------+-----
Conjurations   | 2 3 4 5 6 7 8 9 10 11 12 13 | 13.0
Summonings     | 2 3 4 5 6 7 8 9 10 11 12 13 | 13.0
Translocations | 2 3 4 5 6 7 8 9 10 11 12 13 | 13.0
Invocations    | 1 2 3 4 5 6 7 8 9 10 11 12 13 14 15 16 | 16.1
Fighting       | 1 2 3 4 5 6 7 8 9 10 11 12 13 14 15 | 15.0
Short Blades   | 1 2 3 4 5 6 7 8 9 10 11 12 13 14 15 | 15.0
Long Blades    | 1 2 3 4 5 6 7 8 9 10 11 12 13 14 15 | 15.0
Axes           | 1 2 3 4 5 6 7 8 9 11 12 13 14 15 16 17 18 | 18.3
Maces & Flails | 1 2 3 4 5 6 7 8 9 10 11 12 13 14 15 | 15.0
Polearms       | 1 2 3 4 5 6 7 8 9 10 11 12 13 14 15 | 15.0
Staves         | 1 2 3 4 5 6 7 8 9 10 11 12 13 14 15 | 15.0
Slings         | 1 2 3 4 5 6 7 8 9 10 11 12 13 14 15 | 15.0
Bows           | 1 2 3 4 5 6 7 8 9 10 11 12 13 14 15 | 15.2
Crossbows      | 1 2 3 4 5 6 7 8 9 10 11 12 13 14 15 | 15.0
Throwing       | 1 2 3 4 5 6 7 8 9 10 11 12 13 14 15 | 15.0
Armour         | 1 2 3 4 5 6 7 8 9 10 11 12 13 14 15 | 15.0
Shields        | 1 2 3 4 5 6 7 8 9 10 11 12 13 14 15 | 15.0
Unarmed Combat | 1 2 3 4 5 6 7 8 9 10 11 12 13 14 15 | 15.0
Evocations     | 1 2 3 4 5 6 7 8 9 10 11 12 13 14 15 | 15.0
Hexes          | 1 2 3 4 5 6 7 8 9 10 11 12 | 12.9
Necromancy     | 1 2 3 4 5 6 7 8 9 10 11 12 | 12.9
Transmutations | 1 2 3 4 5 6 7 8 9 10 11 12 | 12.9
Fire Magic     | 1 2 3 4 5 6 7 8 9 10 11 12 | 12.9
Ice Magic      | 1 2 3 4 5 6 7 8 9 10 11 12 | 12.9
Air Magic      | 1 2 3 4 5 6 7 8 9 10 11 12 | 12.9
Earth Magic    | 1 2 3 4 5 6 7 8 9 10 11 12 | 12.9
Poison Magic   | 1 2 3 4 5 6 7 8 9 10 11 12 | 12.9
Dodging        | 5 6 7 8 9 10 11 12 13 14 15 | 15.5
Stealth        | 5 6 7 8 9 10 11 12 13 14 15 | 15.4
Spellcasting   | 8 9 10 11 12 13 14 15 16 | 16.2

Action                   |  1- 3 |  4- 6 |  7- 9 | 10-12 | 13-15 | 16-18 | 19-21 | 22-24 || total
-------------------------+-------+-------+-------+-------+-------+-------+-------+-------++-------
Melee: Dagger            |    69 |   111 |    84 |    74 |   309 |       |       |       ||   647
       Bite              |     5 |    11 |    10 |     7 |    53 |   111 |   114 |    49 ||   360
       Punch             |       |       |     1 |       |       |       |       |       ||     1
       Demon trident     |       |       |       |       |   223 |  1191 |  1046 |   502 ||  2962
 Fire: Hunting sling     |       |       |       |   242 |   232 |       |       |       ||   474
 Cast: Magic Dart        |    56 |       |       |     1 |       |       |       |       ||    57
       Call Imp          |     2 |       |     3 |     1 |       |       |       |       ||     6
       Poisonous Vapours |    18 |    70 |    44 |    20 |       |       |       |       ||   152
       Mephitic Cloud    |       |     1 |    21 |     4 |     3 |     2 |       |       ||    31
       Ignite Poison     |       |     1 |    38 |    36 |    23 |    17 |     1 |       ||   116
       Olgreb's Toxic Ra |       |       |     5 |    50 |    36 |    36 |       |       ||   127
       Bolt of Magma     |       |       |       |     3 |    79 |    45 |       |       ||   127
       Invisibility      |       |       |       |       |    16 |    32 |    10 |     4 ||    62
       Orb of Destructio |       |       |       |       |     8 |    18 |    39 |     4 ||    69
       Irradiate         |       |       |       |       |    10 |     3 |    21 |     3 ||    37
       Starburst         |       |       |       |       |       |    12 |    42 |     3 ||    57
       Dispel Undead     |       |       |       |       |       |     5 |     8 |       ||    13
       Ignition          |       |       |       |       |       |     1 |    76 |       ||    77
       Manifold Assault  |       |       |       |       |       |       |    24 |       ||    24
       Discord           |       |       |       |       |       |       |     9 |    35 ||    44
       Yara's Violent Un |       |       |       |       |       |       |     4 |    15 ||    19
       Summon Horrible T |       |       |       |       |       |       |       |    13 ||    13
Invok: Curse Item        |       |       |     2 |     6 |     5 |       |     1 |       ||    14
       Shatter the Chain |       |       |       |     1 |     2 |       |     1 |       ||     4
 Abil: Evoke Berserk Rag |       |       |       |       |       |     1 |       |       ||     1
Evoke: Wand              |       |       |       |     4 |     6 |     2 |     5 |       ||    17
       Box of beasts     |       |       |       |       |     1 |       |       |       ||     1
  Use: Scroll            |     1 |     3 |     1 |     3 |     5 |     6 |    11 |     4 ||    34
       Potion            |       |       |       |       |     2 |     1 |    18 |     2 ||    23
 Stab: Sleeping          |     3 |     1 |     2 |     2 |    27 |    50 |    22 |     3 ||   110
       Distracted        |       |       |     1 |       |     3 |     5 |     7 |     6 ||    22
       Invisible         |       |       |       |       |    82 |   157 |    24 |     3 ||   266
       Confused          |       |       |       |       |     1 |       |       |       ||     1
       Held in net/web   |       |       |       |       |       |     2 |       |       ||     2
       Paralysed         |       |       |       |       |       |       |     7 |       ||     7
Armor: Robe              |     3 |    43 |    27 |     1 |       |       |       |       ||    74
       Steam dragon scal |       |       |       |    40 |   116 |   263 |   181 |    57 ||   657
Dodge: Dodged            |    51 |    87 |    68 |   109 |   488 |   777 |   558 |   231 ||  2369
Block: Buckler           |       |       |       |    40 |   209 |   313 |   269 |   145 ||   976

Table legend: (Time is in decaauts)
 A = Elapsed time spent in this place.
 B = Non-inter-level travel time spent in this place.
 C = Inter-level travel time spent in this place.
 D = Time resting spent in this place.
 E = Time spent auto-exploring this place.
 F = Levels seen in this place.
 G = Mean time per level.
                   A        B        C        D        E       F      G
               +--------+--------+--------+--------+--------+-----+--------+
         Total |  57063 |  53283 |   3780 |  10081 |  33541 |  46 | 1240.5 |
       Dungeon |  22160 |  19985 |   2175 |   2312 |  14976 |  15 | 1477.3 |
        Temple |     92 |     52 |     40 |      0 |     14 |   1 |   92.0 |
          Lair |   6480 |   5874 |    606 |    813 |   4189 |   6 | 1080.0 |
         Swamp |   4964 |   4742 |    222 |    947 |   3037 |   4 | 1241.0 |
   Spider Nest |   4642 |   4466 |    176 |   1279 |   2128 |   4 | 1160.5 |
  Orcish Mines |   2082 |   1978 |    104 |    181 |   1179 |   2 | 1041.0 |
   Elven Halls |   3175 |   3071 |    104 |    710 |   1834 |   2 | 1587.5 |
        Vaults |  10389 |  10038 |    351 |   2681 |   5444 |   5 | 2077.8 |
         Abyss |   1395 |   1395 |      0 |    198 |    348 |   5 |  279.0 |
        Bailey |    508 |    508 |      0 |    123 |    288 |   1 |  508.0 |
      Ice Cave |   1171 |   1171 |      0 |    836 |    102 |   1 | 1171.0 |
               +--------+--------+--------+--------+--------+-----+--------+

Top non-repeatable levels by time:
Vaults:2: 3056 daAuts
Vaults:4: 2998 daAuts
     D:9: 2160 daAuts
   Elf:1: 2008 daAuts
Spider:4: 1914 daAuts
     D:7: 1906 daAuts
     D:3: 1829 daAuts
     D:6: 1786 daAuts
  Lair:5: 1744 daAuts
    D:13: 1743 daAuts
 Swamp:4: 1647 daAuts
     D:1: 1587 daAuts
Vaults:1: 1580 daAuts
   Orc:2: 1542 daAuts
    D:11: 1540 daAuts
